 Dungeon Crawl Stone Soup version 0.29-a0-557-g43b9904bd1 (webtiles) character file.

Game seed: 3174197864449659999

1423 siradein the Skirmisher (level 8, 0/70 HPs)
             Began as a Ghoul Fighter on June 8, 2022.
             Was an Initiate of Yredelemnul.
             Slain by a wight
             ... wielding a +0 great sword
              (8 damage)
             ... on level 6 of the Dungeon.
             The game lasted 00:12:08 (5331 turns).

siradein the Skirmisher (Ghoul Fighter)             Turns: 5331, Time: 00:12:08

Health: 0/70       AC: 15    Str: 28    XL:     8   Next: 72%
Magic:  9/10       EV: 10    Int:  3    God:    Yredelemnul [......]
Gold:   337        SH:  4    Dex:  8    Spells: 7/7 levels left

rFire   + . .      SeeInvis .     - Unarmed
rCold   + . .      Faith    .   b - +0 buckler
rNeg    + + +      Spirit   .   o - +2 ring mail {rF+}
rPois   ∞          Reflect  .   i - +2 helmet
rElec   .          Harm     .   (no cloak)
rCorr   .          Rampage  .   (no gloves)
Will    .....                   (no boots)
Stlth   ..........              (no amulet)
HPRegen 0.00/turn               a - +6 ring of strength
MPRegen 0.12/turn               h - +4 ring of protection

@: inhibited regen
A: claws 1, cold resistance 1, negative energy resistance 3, inhibited
regeneration, torment resistance 2, devour on kill
a: Renounce Religion, Recall Undead Harvest


You were on level 6 of the Dungeon.
You worshipped Yredelemnul.
Yredelemnul was noncommittal.
You visited 1 branch of the dungeon, and saw 6 of its levels.

You collected 337 gold pieces.

Inventory:

Missiles
 f - 6 silver boomerangs
 w - a boomerang
Armour
 b - a +0 buckler (worn)
 i - a +2 helmet (worn)
 o - a +2 ring mail of fire resistance (worn)
Jewellery
 a - a +6 ring of strength (left claw)
 h - a +4 ring of protection (right claw)
 x - a +6 ring of intelligence
Wands
 g - a wand of flame (26)
Scrolls
 d - a scroll of amnesia
 k - 2 scrolls of magic mapping
 l - a scroll of torment {unknown}
 m - 2 scrolls of enchant weapon
 q - a scroll of fear {unknown}
 r - 2 scrolls of fog {unknown}
 v - 4 scrolls of teleportation {unknown}
Potions
 c - a potion of might
 e - a potion of mutation {unknown}
 j - a potion of resistance {unknown}
 n - a potion of flight {unknown}
 p - a potion of haste {unknown}
 s - 3 potions of curing
 t - a potion of brilliance {unknown}
 u - 2 potions of heal wounds {unknown}


   Skills:
 + Level 6.2 Fighting
 + Level 5.1 Armour
 + Level 5.2 Shields
 + Level 5.7 Unarmed Combat
 + Level 4.0 Invocations


You had 7 spell levels left.
You didn't know any spells.
Your spell library contained the following spells:

 Spells                   Type           Power      Damage    Failure   Level
 Shock                    Conj/Air       0%         1d3       75%         1
 Gell's Gravitas          Tloc           0%         N/A       98%         3
 Lesser Beckoning         Tloc           0%         N/A       98%         3
 Swiftness                Air            0%         N/A       98%         3
 Teleport Other           Tloc           0%         N/A       98%         3
 Airstrike                Air            0%         N/A       100%        4
 Cause Fear               Hex            0%         N/A       100%        4
 Dragon's Call            Summ           0%         N/A       100%        9
 Dragon Form              Tmut           Unusable   N/A       N/A         7

Dungeon Overview and Level Annotations

Branches:
Dungeon (6/15)             Temple (0/1) D:5

Altars:
Cheibriados
Fedhas
Kikubaaqudgha
Sif Muna
Vehumet
Yredelemnul
The Shining One


Innate Abilities, Weirdness & Mutations

You are immune to poison.
You have sharp fingernails.
Your flesh is cold resistant. (rC+)
You are immune to negative energy. (rN+++)
You do not regenerate when monsters are visible.
You are immune to unholy pain and torment.
You thrive by killing the living.


Message History

Your orc zombie barely misses the wight.
The wight barely misses you.
The wight barely misses your orc zombie.
You scratch the wight.
You destroy the wight!
The wight hits your orc zombie with a +0 great sword!
Your orc zombie is destroyed!
You closely miss the wight.
The wight is lightly damaged.
You claw the wight!
The wight is severely damaged.
You scratch the wight but do no damage.
The wight is severely damaged.
The wight hits you with a +0 great sword.
You block the wight's attack.
You scratch the wight.
You destroy the wight!
The wight hits you with a +0 great sword!
Your Invocations skill increases to level 4!
You block the wight's attack.
Items here: )) ? [[.
You barely miss the wight.
The wight is lightly damaged.
The wight closely misses you.
You closely miss the wight.
The wight is lightly damaged.
The wight hits you with a +0 great sword!
* * * LOW HITPOINT WARNING * * *
You claw the wight!
The wight is heavily damaged.
The wight closely misses you.
You scratch the wight.
The wight is severely damaged.
The wight hits you with a +0 great sword.
* * * LOW HITPOINT WARNING * * *
You closely miss the wight.
The wight is severely damaged.
The wight hits you with a +0 great sword!
You die...
Yredelemnul claims you as an undead slave.

#.............## #.
................ #.
#.##.####..##.## #.
#.##..###..##.# #.
#.##...##Z.##.# #.
#.#.....#..##.#
#.##.#........##.#
#.####.#z..<#.###.###.#
.......@....#.#
#.###.##
#.####.#)...#.#
#.)..#.. ........#.#
#.###.##
###............# #>#
########.##### #.# #.#
#.# #.# #.# #.# #.#


You could see a wight.

Vanquished Creatures
  Sigmund (D:2)
  A black bear (D:6)
  A centaur (D:5)
  An ogre (D:4)
  A phantom (D:5)
  A bullfrog (D:5)
  2 scorpions (D:4)
  2 wights (D:6)
  2 hounds (D:5)
  A jelly (D:5)
  Jessica (D:2)
  3 iguanas
  An orc wizard (D:6)
  5 gnolls
  4 adders
  2 worms
  The ghost of DocClef the Covert, a weakling GnDe (D:5)
  2 dart slugs (D:1)
  7 orcs
  3 endoplasms
  2 giant cockroaches
  8 goblins
  7 hobgoblins
  A jackal (D:2)
  5 ball pythons
  5 bats
  4 frilled lizards
  4 kobolds
  7 rats
85 creatures vanquished.

Vanquished Creatures (collateral kills)
  2 ogres (D:5)
  A centaur (D:5)
  An adder (D:4)
4 creatures vanquished.

Vanquished Creatures (others)
  A centaur zombie (D:5)
  A black bear zombie (D:6)
  A scorpion zombie (D:4)
  2 gnoll zombies (D:4)
  A ball python zombie (D:4)
  A goblin zombie (D:4)
  3 orc zombies
10 creatures vanquished.

Grand Total: 99 creatures vanquished

Notes
Turn   | Place    | Note
-------+----------+-------------------------------------------
     0 | D:1      | siradein the Ghoul Fighter began the quest for the Orb.
     0 | D:1      | Reached XP level 1. HP: 19/19 MP: 0/0
   157 | D:1      | Reached XP level 2. HP: 23/26 MP: 1/1
   781 | D:1      | Reached XP level 3. HP: 31/31 MP: 2/2
  1094 | D:2      | Noticed Jessica
  1267 | D:2      | Killed Jessica
  1268 | D:2      | Reached XP level 4. HP: 40/40 MP: 3/3
  1425 | D:2      | Identified the +0 ring mail of Miracles {rN+ MP+9}
  1637 | D:2      | Noticed Sigmund
  1649 | D:2      | Reached skill level 4 in Fighting
  1658 | D:2      | Killed Sigmund
  1659 | D:2      | Reached XP level 5. HP: 46/47 MP: 4/4
  1659 | D:2      | Reached XP level 6. HP: 52/53 MP: 5/5
  1986 | D:3      | Found a basalt altar of Yredelemnul.
  1988 | D:3      | Noticed a profane servitor
  1995 | D:3      | Noticed an angel
  2019 | D:3      | Became a worshipper of Yredelemnul the Dark
  2703 | D:4      | Reached * piety under Yredelemnul
  2852 | D:4      | Reached skill level 1 in Invocations
  2989 | D:4      | Reached XP level 7. HP: 52/60 MP: 7/7
  2995 | D:4      | Reached skill level 5 in Fighting
  2997 | D:4      | HP: 1/61 [gnoll/+0 flail (9)]
  3464 | D:4      | Found a shimmering blue altar of Sif Muna.
  3850 | D:5      | Entered Level 5 of the Dungeon
  4060 | D:5      | Reached skill level 5 in Unarmed Combat
  4060 | D:5      | Reached XP level 8. HP: 54/69 MP: 7/9
  4247 | D:5      | Found an ancient bone altar of Kikubaaqudgha.
  4357 | D:5      | Found a blossoming altar of Fedhas.
  4576 | D:5      | Reached ** piety under Yredelemnul
  4739 | D:5      | Found a staircase to the Ecumenical Temple.
  4743 | D:5      | Found a runed translucent door.
  4802 | D:5      | Found a snail-covered altar of Cheibriados.
  4819 | D:5      | Noticed DocClef's ghost (weakling GnDe)
  4837 | D:5      | Reached skill level 6 in Fighting
  4837 | D:5      | Reached skill level 5 in Shields
  4847 | D:5      | Killed DocClef's ghost
  5182 | D:6      | Found a radiant altar of Vehumet.
  5215 | D:6      | Reached skill level 5 in Armour
  5331 | D:6      | Slain by a wight

Illustrated notes

Levels and vault maps discovered:
D:1:      mrwooster_arrival_statue, layout_loops_corners, nrook_campfire,
          kennysheep_boxes
D:2:      minmay_diamond_boxcup, layout_rooms, uniq_sigmund, uniq_jessica
D:3:      layout_basic, grunt_temple_overflow_holy_war,
          kennysheep_cluttered_room
D:4:      layout_basic, kennysheep_orc_sif_temple
D:5:      layout_layer_cave, mainiacjoe_overflow_catch_the_wave, fedhas_altar_2,
          minmay_temple_entry_glassed_door, ebering_ghost_sewer_d
D:6:      layout_loops_ring, nicolae_qazlal_general_emergency,
          xom_confusion_cloud, vehumet_altar_wand_db,
          mainiacjoe_overflow_six_doors_small, minmay_circle_x, uniq_menkaure

Skill      XL: |  1  2  3  4  5  6  7  8 |
---------------+-------------------------+-----
Armour         | 3 4 5 |  5.1
Shields        | 3 4 5 |  5.2
Unarmed Combat | 3 4 5 |  5.7
Fighting       | 4 5 6 |  6.2
Invocations    | 1 2 4 |  4.0

Action                   |  1- 3 |  4- 6 |  7- 9 || total
-------------------------+-------+-------+-------++-------
Melee: Unarmed           |    88 |   119 |   139 ||   346
Invok: Recall Undead Har |       |       |     2 ||     2
  Use: Scroll            |       |     1 |     9 ||    10
 Stab: Distracted        |       |       |     1 ||     1
Armor: Scale mail        |    33 |     8 |       ||    41
       Ring mail         |       |    28 |    52 ||    80
Dodge: Dodged            |    40 |    32 |    52 ||   124
Block: Buckler           |    22 |    14 |    30 ||    66

Table legend: (Time is in decaauts)
 A = Elapsed time spent in this place.
 B = Non-inter-level travel time spent in this place.
 C = Inter-level travel time spent in this place.
 D = Time resting spent in this place.
 E = Time spent auto-exploring this place.
 F = Levels seen in this place.
 G = Mean time per level.
                   A        B        C        D        E       F      G
               +--------+--------+--------+--------+--------+-----+--------+
         Total |   5357 |   5223 |    134 |    144 |   4289 |   6 |  892.8 |
       Dungeon |   5357 |   5223 |    134 |    144 |   4289 |   6 |  892.8 |
               +--------+--------+--------+--------+--------+-----+--------+

Top non-repeatable levels by time:
     D:4: 1347 daAuts
     D:5: 1331 daAuts
     D:1: 1269 daAuts
     D:3: 676 daAuts
     D:2: 586 daAuts
     D:6: 147 daAuts
